 Dungeon Crawl Stone Soup version 0.19.1-1-g22dce08 (webtiles) character file.

904 Aramant the Slasher (level 7, -1/47 HPs)
             Began as a High Elf Fighter on Jan 16, 2017.
             Was a Follower of Ru.
             Killed by triggering an arrow trap (5 damage)
             ... in an ossuary.
             The game lasted 00:31:40 (5849 turns).

Aramant the Slasher (High Elf Fighter)              Turns: 5849, Time: 00:31:41

Health: -1/47      AC:  8    Str: 16    XL:     7   Next: 80%
Magic:  17/17      EV:  8    Int: 13    God:    Ru [*.....]
Gold:   172        SH: 10    Dex: 15    Spells: 1 memorised, 5 levels left

rFire  . . .     SeeInvis .     s - +0 falchion (flame)
rCold  + . .     Gourm    .     b - +0 scale mail
rNeg   . . .     Faith    .     m - +1 shield {rC+}
rPois  .         Spirit   .     (no helmet)
rElec  .         Reflect  .     e - +0 cloak
rCorr  .         Harm     .     (no gloves)
MR     .....                    (no boots)
Stlth  ..........               (no amulet)
                                (no ring)
                                q - ring of magical power

@: drained
A: no ice magic, no necromancy magic, no summoning magic
a: Renounce Religion


You were in an ossuary.
You worshipped Ru.
Ru was aware of your devotion.
You were not hungry.

You visited 1 branch of the dungeon, and saw 6 of its levels.
You also visited: Ossuary.

You collected 361 gold pieces.
You spent 189 gold pieces at shops.

Inventory:

Hand Weapons
 a - a +0 long sword
 s - a +0 falchion of flaming (weapon)
Armour
 b - a +0 scale mail (worn)
 c - a +0 shield
 e - a +0 cloak (worn)
 m - a +1 shield of cold resistance (worn)
Jewellery
 q - a ring of magical power (left hand)
Wands
 o - a wand of enslavement (14/24) (quivered)
Scrolls
 d - a scroll of remove curse
Potions
 h - a potion of flight
 n - a potion of magic
 r - a potion of mutation {unknown}
Comestibles
 g - 2 slices of pizza
 l - 4 meat rations


   Skills:
 + Level 3.9(3.3) Fighting
 + Level 7.1(6.5) Long Blades
 + Level 4.1(3.6) Armour
 + Level 3.0(2.5) Dodging
 + Level 1.7(1.2) Stealth
 + Level 4.5(4.0) Shields
 + Level 0.2(0.0) Spellcasting
 + Level 0.2(0.0) Poison Magic


You had 5 spell levels left.
You knew the following spells:

 Your Spells              Type           Power        Failure   Level  Hunger
a - Sting                 Conj/Pois      #...         100%        1    ##.....


Dungeon Overview and Level Annotations

Branches:
Dungeon (6/15)             Temple (0/1) D:5

Altars:
Nemelex Xobeh
Ru
Vehumet
Xom

Shops:
D:4 [%   D:5 %

Annotations:
D:6 2 runed doors Ossuary tschems's ghost, amateur HuFi


Innate Abilities, Weirdness & Mutations

You cannot study or cast Ice magic.
You cannot study or cast Necromancy magic.
You cannot study or cast Summoning magic.


Message History

Tschems's ghost hits you!
* * * LOW HITPOINT WARNING * * *
Evoke which item? (* to show all) (? for menu, Esc to quit)
Zapping:
o - a wand of enslavement {zapped: 2} (will waste charges)
Press: ? - help, Shift-Dir - straight line, f/p - tschems's ghost
Aim: tschems's ghost (severely damaged, chance to defeat MR: 28%) Tschems's ghost easily resists.
Evoking this partially-identified wand wasted a few charges.
Tschems's ghost hits you!
* * * LOW HITPOINT WARNING * * *
An arrow hits tschems's ghost, but does no damage!
Evoke which item? (* to show all) (? for menu, Esc to quit)
Zapping:
o - a wand of enslavement {zapped: 4} (will waste charges)
Press: ? - help, Shift-Dir - straight line, f/p - tschems's ghost
Aim: tschems's ghost (severely damaged, chance to defeat MR: 28%) Tschems's ghost easily resists.
Evoking this partially-identified wand wasted a few charges.
Tschems's ghost closely misses you.
An arrow hits the orc zombie!
An arrow shoots out and hits you!
You die...

'# .# .# .# .#
###'# #.WZ#
#.^.##########
#@..#...#!!?!#
#...'.∩.#?(??+
#∩..#...#?!!!#
######### ####


You could see tschems's ghost and an orc zombie.

Vanquished Creatures
  Edmund (D:4)
  An ice beast (D:6)
  An ogre (D:5)
  The ghost of cba the Sneak, an amateur OpAs (D:3)
  A bullfrog (D:3)
  A scorpion (D:4)
  A howler monkey (D:4)
  An orc wizard (D:3)
  A hound (D:6)
  An orc priest (D:3)
  2 worker ants (D:4)
  A killer bee zombie (D:5)
  A big kobold zombie (Ossuary)
  5 adders
  A gnoll (D:5)
  A howler monkey skeleton (D:4)
  A shadow imp (D:4)
  An ooze (D:4)
  An adder zombie (Ossuary)
  An adder skeleton (D:4)
  2 worms
  A dart slug (D:1)
  4 leopard geckos
  8 orcs
  3 ball pythons
  10 giant cockroaches
  2 gnoll zombies (Ossuary)
  6 goblins
  14 hobgoblins
  A jackal (D:3)
  4 quokkas
  6 bats
  A frilled lizard (D:5)
  6 kobolds
  A kobold zombie (Ossuary)
  An orc zombie (Ossuary)
  A quokka zombie (D:5)
  7 rats
103 creatures vanquished.

Vanquished Creatures (collateral kills)
  2 big kobold zombies (Ossuary)
  An adder zombie (Ossuary)
  A kobold zombie (Ossuary)
4 creatures vanquished.

Vanquished Creatures (others)
  A hobgoblin zombie (Ossuary)
1 creature vanquished.

Grand Total: 108 creatures vanquished

Notes
Turn   | Place    | Note
-------+----------+-------------------------------------------
     0 | D:1      | Aramant the High Elf Fighter began the quest for the Orb.
     0 | D:1      | Reached XP level 1. HP: 16/16 MP: 2/2
   482 | D:1      | Reached XP level 2. HP: 16/21 MP: 3/3
   903 | D:1      | Reached skill level 3 in Long Blades
  1031 | D:2      | Reached XP level 3. HP: 24/26 MP: 4/4
  1133 | D:2      | Found a shimmering altar of Xom.
  1138 | D:2      | Found a bloodstained altar of Trog.
  1138 | D:2      | Found an ancient bone altar of Kikubaaqudgha.
  1140 | D:2      | Found an iron altar of Okawaru.
  1140 | D:2      | Found a sparkling altar of Nemelex Xobeh.
  1140 | D:2      | Found a stormy altar of Qazlal.
  1629 | D:2      | Found a faded altar of an unknown god.
  1640 | D:2      | Became a worshipper of Vehumet
  1640 | D:2      | Reached * piety under Vehumet
  1640 | D:2      | Offered knowledge of Sting by Vehumet.
  1655 | D:2      | Learned a level 1 spell: Sting
  1705 | D:2      | Reached XP level 4. HP: 28/31 MP: 5/5
  1748 | D:3      | Noticed cba's ghost (amateur OpAs)
  1897 | D:3      | Found a sacrificial altar of Ru.
  1911 | D:3      | Reached skill level 4 in Long Blades
  1911 | D:3      | Reached skill level 1 in Dodging
  1929 | D:3      | Fell from the grace of Vehumet
  1929 | D:3      | Became a worshipper of Ru the Awakened
  2028 | D:3      | Killed cba's ghost
  2028 | D:3      | Reached skill level 1 in Stealth
  2028 | D:3      | Reached XP level 5. HP: 36/36 MP: 6/6
  2085 | D:3      | Reached skill level 5 in Long Blades
  2347 | D:3      | Reached XP level 6. HP: 7/42 MP: 7/7
  3114 | D:4      | Found Zozeunn's Antique Armour Shoppe.
  3143 | D:4      | Found Durreumn's Food Emporium.
  3161 | D:4      | Reached skill level 6 in Long Blades
  3374 | D:4      | Noticed Edmund
  3437 | D:4      | Killed Edmund
  3437 | D:4      | Reached XP level 7. HP: 27/47 MP: 8/8
  4034 | D:5      | Entered Level 5 of the Dungeon
  4036 | D:5      | Found Cymoasou's Food Boutique.
  4052 | D:5      | Gained mutation: You cannot study or cast Ice magic. [Ru sacrifice]
  4052 | D:5      | Gained mutation: You cannot study or cast Necromancy magic. [Ru sacrifice]
  4052 | D:5      | Gained mutation: You cannot study or cast Summoning magic. [Ru sacrifice]
  4052 | D:5      | Reached * piety under Ru
  4071 | D:4      | Bought a shiny shield for 189 gold pieces
  4376 | D:5      | Found a staircase to the Ecumenical Temple.
  5252 | D:6      | Reached skill level 7 in Long Blades
  5415 | D:6      | Found a large runed door.
  5415 | D:6      | Found a large runed door.
  5455 | D:6      | Found a sand-covered staircase.
  5463 | Ossuary  | Entered an ossuary
  5765 | Ossuary  | Noticed tschems's ghost (amateur HuFi)
  5849 | Ossuary  | Killed by triggering an arrow trap

Skill      XL: |  1  2  3  4  5  6  7 |
---------------+----------------------+-----
Armour         | 3 4 |  4.1
Shields        | 3 4 |  4.5
Long Blades    | 3 4 5 6 7 |  7.1
Dodging        | 1 3 |  3.0
Stealth        | 1 |  1.7
Fighting       | |  3.9
Spellcasting   | |  0.2
Poison Magic   | |  0.2

Action                   |  1- 3 |  4- 6 |  7- 9 || total
-------------------------+-------+-------+-------++-------
Melee: Long sword        |   153 |   226 |    47 ||   426
       Falchion          |       |       |   105 ||   105
Invok: Sacrifice Arcana  |       |       |     1 ||     1
Evoke: Wand              |       |       |     3 ||     3
  Use: Scroll            |     6 |     8 |     5 ||    19
       Potion            |     1 |     5 |     5 ||    11
 Stab: Invisible         |       |     2 |       ||     2
       Paralysed         |       |     1 |       ||     1
  Eat: Bread ration      |     1 |     1 |     2 ||     4
Armor: Scale mail        |    57 |    76 |    41 ||   174
       Skin              |       |    29 |    34 ||    63
Dodge: Dodged            |    31 |    56 |    34 ||   121
Block: Shield            |    84 |    95 |   105 ||   284
       Rpst.: Long sword |     9 |    21 |     3 ||    33
       Falchion          |       |       |     4 ||     4
